 Dungeon Crawl Stone Soup version 0.24.0-13-gcf9b3192b9 (webtiles) character file.

Game seed: 11719621799595848933, levelgen mode: deterministic

39 Peloso the Shield-Bearer (level 3, 0/33 HPs)
             Began as a Minotaur Fighter on Nov 7, 2019.
             Succumbed to a goblin's poison
             ... on level 2 of the Dungeon.
             The game lasted 00:02:50 (905 turns).

Peloso the Shield-Bearer (Minotaur Fighter)          Turns: 905, Time: 00:02:50

Health: 0/33       AC:  9    Str: 20    XL:     3   Next: 28%
Magic:  2/2        EV:  5    Int:  5    God:
Gold:   43         SH: 10    Dex: 10    Spells: 2/2 levels left

rFire    . . .     SeeInvis .   a - +0 long sword
rCold    . . .     Gourm    .   c - +1 shield
rNeg     . . .     Faith    .   b - +0 chain mail
rPois    .         Spirit   +   (helmet restricted)
rElec    .         Reflect  .   (no cloak)
rCorr    .         Harm     .   (no gloves)
MR       .....                  (no boots)
Stlth    ..........             g - amulet of guardian spirit
HPRegen  0.11/turn              (no ring)
MPRegen  0.08/turn              (no ring)

@: lethally poisoned (0 -> -1), hasted, very quick
A: retaliatory headbutt, horns 2
a: no special abilities


You were on level 2 of the Dungeon.
You were not hungry.

You visited 1 branch of the dungeon, and saw 3 of its levels.

You collected 43 gold pieces.

Inventory:

Hand Weapons
 a - a +0 long sword (weapon)
Armour
 b - a +0 chain mail (worn)
 c - a +1 shield (worn)
Jewellery
 g - an amulet of guardian spirit (around neck)
Scrolls
 e - a scroll of magic mapping
 i - a scroll of remove curse
 j - a scroll of teleportation
Potions
 d - a potion of might
Comestibles
 f - 2 rations


   Skills:
 + Level 4.0 Fighting
 + Level 3.0 Long Blades
 + Level 4.2 Armour
 + Level 4.2 Shields


You had 2 spell levels left.
You didn't know any spells.
Your spell library was empty.

Dungeon Overview and Level Annotations

Branches:
Dungeon (3/15)

Altars:


Innate Abilities, Weirdness & Mutations

You reflexively headbutt those who attack you in melee.
You have a pair of horns on your head.


Message History

You feel sick.
* * * LOW HITPOINT WARNING * * *
You feel sick.
* * * LOW HITPOINT WARNING * * *
You feel sick.
Unknown command.
* * * LOW HITPOINT WARNING * * *
You feel sick.
There is a stone staircase leading down here.
You climb downwards.
* * * LOW HITPOINT WARNING * * *
You feel sick.
There is a stone staircase leading up here.
A jackal comes into view.
There is a stone staircase leading up here.
* * * LOW HITPOINT WARNING * * *
You feel sick.
You climb upwards.
There is a stone staircase leading down here.
You die...

................ #...........
..............# #........!...
..............####............
..............................
..............................
..............................
..............................
.###+####....#................
.....# #......†@####.........
....#####......†..............
..............................
.............###..............
................>....#.#.##+##
..)..................#.#.#
......###.............(..#
......###.................
......##................#.


There were no monsters in sight!

Vanquished Creatures
  An adder (D:2)
  An ooze (D:1)
  A worm (D:2)
  An orc (D:2)
  A ball python (D:1)
  5 goblins
  2 hobgoblins (D:1)
  2 jackals (D:1)
  A quokka (D:2)
  3 bats
  A kobold (D:2)
  3 rats
22 creatures vanquished.

Notes
Turn   | Place    | Note
-------+----------+-------------------------------------------
     0 | D:1      | Peloso the Minotaur Fighter began the quest for the Orb.
     0 | D:1      | Reached XP level 1. HP: 19/19 MP: 0/0
   303 | D:1      | Reached XP level 2. HP: 27/27 MP: 1/1
   754 | D:2      | Reached XP level 3. HP: 33/33 MP: 2/2
   900 | D:3      | HP: 1/33 [poisoned by a goblin]
   905 | D:2      | Succumbed to a goblin's poison

Levels and vault maps discovered:
D:1:      psy_arrival_conway, layout_basic
D:2:      layout_basic
D:3:      minmay_chambers_of_twos, layout_basic, lemuel_altar_in_water

Skill      XL: |  1  2  3 |
---------------+----------+-----
Shields        | 4 |  4.2
Long Blades    | 3 |  3.0
Armour         | 4 |  4.2
Fighting       | 4 |  4.0

Action                   || total
-------------------------++-------
Melee: Long sword        ||    61
       Headbutt          ||     6
  Use: Scroll            ||     8
       Potion            ||     1
Armor: Chain mail        ||    27
       Scale mail        ||     3
Dodge: Dodged            ||    14
Block: Shield            ||    41
       Rpst.: Long sword ||     5
